 Dungeon Crawl Stone Soup version 0.29.1-13-g9f3cf754e1 (webtiles) character file.

Game seed: 1056873152315614122

712 Priul the Conjurer (level 7, -6/38 HPs)
             Began as a Deep Elf Conjurer on Feb 2, 2023.
             Was an Initiate of Sif Muna.
             Mangled by a lemure (7 damage)
             ... led by Pikel
             ... on level 4 of the Dungeon.
             The game lasted 00:26:42 (4211 turns).

Priul the Conjurer (Deep Elf Conjurer)              Turns: 4211, Time: 00:26:43

Health: -6/38      AC:  7    Str:  4    XL:     7   Next: 41%
Magic:  0/19       EV: 13    Int: 25    God:    Sif Muna [......]
Gold:   210        SH:  0    Dex: 13    Spells: 14/20 levels left

rFire   + . .      SeeInvis .   v - +0 dagger (drain)
rCold   . . .      Faith    .   (no shield)
rNeg    + . .      Spirit   +   r - +2 robe {rN+}
rPois   .          Reflect  .   w - +1 helmet
rElec   .          Harm     .   (no cloak)
rCorr   .          Rampage  .   c - +0 pair of gloves
Will    .....                   (no boots)
Stlth   ++........              k - amulet of guardian spirit
HPRegen 0.12/turn               o - ring of protection from fire
MPRegen 0.16/turn               (no ring)

@: mighty
A: no striking features
a: Renounce Religion


You were on level 4 of the Dungeon.
You worshipped Sif Muna.
Sif Muna was noncommittal.
You visited 2 branches of the dungeon, and saw 5 of its levels.

You collected 210 gold pieces.

Inventory:

Hand Weapons
 a - a +0 dagger
 v - a +0 dagger of draining (weapon)
Armour
 c - a +0 pair of gloves (worn)
 r - a +2 robe of positive energy (worn)
 w - a +1 helmet (worn)
Jewellery
 k - an amulet of guardian spirit (around neck)
 o - a ring of protection from fire (left hand)
Scrolls
 d - 3 scrolls of identify
 e - 2 scrolls of silence {unknown}
 g - 2 scrolls of enchant weapon
 h - a scroll of butterflies {unknown}
 p - 2 scrolls of amnesia {unknown}
 q - a scroll of acquirement {unknown}
 s - 2 scrolls of enchant armour {unknown}
 t - a scroll of noise {unknown}
 u - a scroll of magic mapping {unknown}
Potions
 f - a potion of flight
 i - a potion of brilliance {unknown}
 j - 2 potions of curing {unknown}
 l - a potion of lignification {unknown}
 m - 2 potions of might
 n - a potion of resistance {unknown}
 x - a potion of heal wounds {unknown}
 z - a potion of degeneration {unknown}


   Skills:
 + Level 1.0 Fighting
 + Level 3.1 Dodging
 + Level 3.8 Stealth
 + Level 7.3 Spellcasting
 + Level 7.4 Conjurations


You had 14 spell levels left.
You knew the following spells:

 Your Spells              Type           Power      Damage    Failure   Level
a - Magic Dart            Conj           100%       1d8       1%          1
b - Searing Ray           Conj           92%        2d7       1%          2
c - Dazzling Flash        Conj/Hex       54%        N/A       4%          3

Your spell library contained the following spells:

 Spells                   Type           Power      Damage    Failure   Level
 Fulminant Prism          Conj/Hex       13%        3d9       14%         4
 Iskenderun's Mystic Bla  Conj/Tloc      27%        2d7       14%         4


Dungeon Overview and Level Annotations

Branches:
Dungeon (4/15)             Temple (1/1) D:4

Altars:
Ashenzari
Elyvilon
Gozag
Hepliaklqana
Kikubaaqudgha
Makhleb
Qazlal
Ru
Sif Muna
Uskayaw
Vehumet
Wu Jian
Xom
Yredelemnul
Zin
The Shining One

Annotations:
D:4 Pikel


Message History

Magic courses through your body.
Casting: Searing Ray (safe; 1% risk of failure)
Confirm with . or Enter, or press ? or * to list all spells.
Aiming: Searing Ray (safe; 1% risk of failure)
Press: ? - help, Shift-Dir - straight line, f/p - lemure
Aim: a lemure (heavily wounded, 77% to hit)
The searing ray hits Pikel!
Pikel is severely wounded.
The searing ray hits the lemure.
The lemure is heavily wounded. (Press . to maintain the ray.)
The lemure hits you but does no damage.
The searing ray hits Pikel.
Pikel is severely wounded.
The searing ray hits the lemure!
The lemure is moderately wounded.
Pikel says, "I knew I should've brought a map."
Pikel hits you with a +0 whip of freezing.
Pikel freezes you. The lemure hits you. The lemure hits you but does no damage.
The searing ray misses Pikel.
The searing ray hits the lemure.
The lemure is heavily wounded.
Pikel hits you with a +0 whip of freezing.
Pikel freezes you. The lemure hits you but does no damage.
The searing ray hits Pikel.
Pikel is almost dead.
You finish channelling your searing ray.
Pikel hits you with a +0 whip of freezing!
* * * LOW HITPOINT WARNING * * *
Pikel freezes you.
* * * LOW HITPOINT WARNING * * *
The lemure hits you.
* * * LOW HITPOINT WARNING * * *
The lemure hits you!
* * * LOW HITPOINT WARNING * * *
The lemure hits you.
* * * LOW HITPOINT WARNING * * *
It was a potion of might.
You feel very mighty all of a sudden. Pikel closely misses you.
The lemure hits you!
You die...

#.........# #
............######
#
####.............#
#
#.................#
#
#....#............#
#
#............######
# #....#.....### #
#....#.....# #
#.......@5.# #
.####.5K5.# #
#.....#
#.####.....#
#..........#
######.....#
#....## #....#
#....#


You could see Pikel and 3 lemures.

Vanquished Creatures
  Menkaure (D:4)
  A lemure (D:4)
  A phantom (D:4)
  A gnoll sergeant (D:4)
  A scorpion (D:4)
  A hound (D:4)
  2 orc priests (D:4)
  Jessica (D:3)
  2 iguanas (D:4)
  An orc wizard (D:4)
  Robin (D:3)
  4 gnolls (D:4)
  7 adders
  2 worms
  5 dart slugs
  7 orcs (D:4)
  3 bats (D:2)
  3 endoplasms
  5 giant cockroaches
  12 hobgoblins
  4 kobolds
  A quokka (D:1)
  6 ball pythons
  A frilled lizard (D:1)
  13 goblins
  A rat (D:2)
87 creatures vanquished.

Notes
Turn   | Place    | Note
-------+----------+-------------------------------------------
     0 | D:1      | Priul the Deep Elf Conjurer began the quest for the Orb.
     0 | D:1      | Reached XP level 1. HP: 10/10 MP: 6/6
   308 | D:1      | Reached XP level 2. HP: 15/15 MP: 6/8
   362 | D:1      | Learned a level 2 spell: Searing Ray
   464 | D:1      | Reached skill level 5 in Conjurations
   761 | D:2      | Reached XP level 3. HP: 11/19 MP: 0/9
  1186 | D:2      | Found a faded altar of an unknown god.
  1639 | D:3      | Reached XP level 4. HP: 24/24 MP: 6/11
  1901 | D:3      | Noticed Robin
  2018 | D:3      | Killed Robin
  2441 | D:3      | Noticed Jessica
  2443 | D:3      | Killed Jessica
  2444 | D:3      | Reached XP level 5. HP: 28/28 MP: 8/12
  2807 | D:4      | Found a staircase to the Ecumenical Temple.
  2935 | D:4      | Reached XP level 6. HP: 26/33 MP: 4/15
  3056 | Temple   | Entered the Ecumenical Temple
  3141 | Temple   | Became a worshipper of Sif Muna the Loreminder
  3286 | D:4      | Found an ancient bone altar of Kikubaaqudgha.
  3299 | D:4      | Reached skill level 5 in Spellcasting
  3586 | D:4      | Reached skill level 1 in Fighting
  3785 | D:4      | Learned a level 3 spell: Dazzling Flash
  3797 | D:4      | Noticed Menkaure
  3808 | D:4      | Killed Menkaure
  3809 | D:4      | Reached XP level 7. HP: 38/38 MP: 7/19
  4197 | D:4      | Noticed Pikel
  4210 | D:4      | HP: 1/38 [lemure[Pikel] (2)]
  4211 | D:4      | Mangled by a lemure

Illustrated notes

Levels and vault maps discovered:
D:1:      wander_arrival_estate, layout_rooms, wad_floor_pattern_1,
          chequers_serial_rivers_room_b, corner_web_ring, minmay_ruptured
D:2:      layout_basic, hellmonk_ecumenical_altar_arch_garden,
          dreamdust_wishing_well
D:3:      layout_basic, uniq_robin, uniq_jessica, uniq_grinder
D:4:      layout_basic, mainiacjoe_overflow_catwalk, minmay_temple_entry_waves,
          kennysheep_generic_room_7, uniq_pikel, uniq_menkaure
Temple:   regret_index_temple_waves

Skill      XL: |  1  2  3  4  5  6  7 |
---------------+----------------------+-----
Conjurations   | 5 6 7 |  7.4
Stealth        | 3 |  3.8
Spellcasting   | 4 6 7 |  7.3
Dodging        | 3 |  3.1
Fighting       | 1 |  1.0

Action                   |  1- 3 |  4- 6 |  7- 9 || total
-------------------------+-------+-------+-------++-------
Melee: Unarmed           |     7 |       |       ||     7
       Dagger            |       |     2 |       ||     2
 Cast: Magic Dart        |    58 |    95 |    42 ||   195
       Searing Ray       |     1 |    12 |     4 ||    17
  Use: Scroll            |     1 |     1 |       ||     2
       Potion            |       |     1 |     3 ||     4
Armor: Robe              |     2 |     7 |     5 ||    14
Dodge: Dodged            |     7 |    22 |    10 ||    39
